AoeStats
← PNAL | Bebeganzo

Arena

510378880Analyzed
3v3 RM · 2d ago on Sep 30, 2026· 38m 26s· 6 players
Game mode
Random Map
Map size
Normal (6 player)
Population
200
Speed
Normal
Resources
Standard
Victory
Conquest
Starting age
Dark Age
Ending age
Imperial Age
RankedLock teamsTeams togetherTeam positionsShared explorationLock speedFull tech treeHidden civsTurbo modeCheats
Victory
Defeat
🇪🇸 Varangians · Spain
1236
+18
🇪🇸 Danes · Spain
1187
+20
🇪🇸 Poles · Spain
1165
+21
🇦🇷 Italians · Argentina
1375
-24
🇺🇾 Spanish · Uruguay
1322
-21
🇦🇷 Maya · Argentina
1149
-14
DK_rudyairlines
6:16 Loom
8:27 Feudal Age
11:25 Fletching
16:49 Double-Bit Axe
18:49 Arson
22:25 Horse Collar
26:59 Castle Age
25:39 Scale Mail Armor
25:49 Forging
26:07 Stone Mining
26:11 Gold Mining
28:15 Bodkin Arrow
36:05 Gambesons
37:55 Squires
38:28 Chain Mail Armor
38:52 Iron Casting
39:12 Bow Saw
vikman85
10:40 Feudal Age
14:37 Castle Age
13:08 Double-Bit Axe
13:39 Horse Collar
15:46 Bow Saw
20:22 Heavy Plow
21:53 Wheelbarrow
22:45 Loom
23:28 Hand Cart
23:52 Town Watch
25:22 Gold Mining
25:22 Stone Mining
28:06 Imperial Age
28:11 Scale Barding Armor
28:18 Forging
28:36 Bloodlines
28:26 Husbandry
28:13 Cavalier
29:15 Chain Barding Armor
28:33 Vendel Legacy
29:41 Conscription
29:11 Light Cavalry
30:49 Stone Shaft Mining
31:15 Two-Man Saw
32:01 Coinage
31:42 Guilds
33:45 Gothikon
35:13 Hussar
36:56 Plate Barding Armor
38:11 Iron Casting
38:17 Banking
37:36 Elite Jarl
38:40 Ballistics
38:32 Masonry
39:25 Chemistry
VimaraPeres
5:56 Loom
9:12 Feudal Age
10:06 Double-Bit Axe
10:50 Fletching
17:38 Horse Collar
23:21 Castle Age
21:57 Gold Mining
21:57 Stone Mining
23:20 Forging
25:02 Heavy Plow
26:26 Squires
26:42 Town Watch
27:33 Wheelbarrow
27:39 Bodkin Arrow
27:44 Padded Archer Armor
29:35 Ballistics
29:55 Elite Skirmisher
31:12 Leather Archer Armor
32:08 Bow Saw
32:02 Heavy Plow
36:31 Imperial Age
34:54 Scale Mail Armor
37:38 Bracer
38:40 Chemistry
38:32 Conscription
38:55 Crop Rotation
PNAL | El Chill de Cojones
10:02 Feudal Age
13:46 Castle Age
12:35 Loom
14:35 Fletching
20:53 Double-Bit Axe
22:53 Bow Saw
25:56 Horse Collar
26:09 Gold Mining
32:18 Imperial Age
30:20 Stone Mining
30:27 Bodkin Arrow
31:40 Padded Archer Armor
33:09 Ballistics
33:15 Bracer
34:50 Conscription
35:17 Thumb Ring
rama xstar
10:56 Feudal Age
12:39 Loom
16:20 Castle Age
16:13 Double-Bit Axe
18:40 Bow Saw
18:26 Horse Collar
23:33 Wheelbarrow
24:55 Gold Mining
31:01 Imperial Age
28:23 Town Watch
33:11 Two-Man Saw
34:05 Hand Cart
34:39 Fletching
PNAL | Bebeganzo
0:26 Loom
11:45 Feudal Age
14:09 Double-Bit Axe
16:47 Castle Age
15:10 Horse Collar
16:01 Gold Mining
17:41 Bow Saw
19:41 Wheelbarrow
25:55 Hand Cart
29:59 Imperial Age
28:21 Heavy Plow
28:15 Stone Mining
29:15 Squires
29:41 Town Watch
31:45 Two-Man Saw
31:17 Crop Rotation
31:12 Scale Mail Armor
31:42 Forging
31:05 Eagle Warrior
31:38 Treadmill Crane
32:26 Chain Mail Armor
32:48 Masonry
33:21 Iron Casting
34:22 Holcans
33:37 Elite Eagle Warrior
36:11 Blast Furnace
35:42 Plate Mail Armor
36:37 Conscription
37:37 Pikeman
Connection lost

Rejoining the realm…

Still unreachable

The connection could not be restored.

Session expired

The server has moved on; the page needs a fresh start.